 Dungeon Sprint DCSS version 0.31.0-11-ge490571c62 (webtiles) character file.

Game seed: 3970130204920621255

5782 SmokeWeed the Fencer (level 10, -2/104 HPs)
             Began as a Minotaur Fighter on Feb 4, 2024.
             Was a High Priest of Okawaru.
             Succumbed to an ushabti's dark miasma
             ... in the Dungeon (Sprint V: "Ziggurat Sprint").
             The game lasted 00:12:35 (402 turns).

SmokeWeed the Fencer (Minotaur Fighter)              Turns: 402, Time: 00:12:35

Health: -2/104     AC: 37    Str: 26    XL:     10   Next: 50%
Magic:  1/10       EV: 10    Int:  5    God:    Okawaru [*****.]
Gold:   0          SH: 27    Dex: 26    Spells: 9/9 levels left

rFire   + . .        J - +9 sword of Zonguldrok {reap}
rCold   . . .        m - +3 tower shield
rNeg    . . .        k - +5 crystal plate armour
rPois   .            (helmet restricted)
rElec   .            L - +1 cloak {rCorr}
rCorr   +            (no gloves)
SInv    .            P - +2 pair of boots "Wooshu" {*Corrode rF+ Str+5}
Will    .....        Q - amulet of the acrobat Stlth
                     B - +6 ring of dexterity
HPRegen 0.37/turn    A - +6 ring of dexterity
MPRegen 0.12/turn

%: no teleportation, corrode self (3%), acrobat
@: mighty, lethally poisoned (-2 -> -52), heroic, finesse-ful, slowed, very slow
A: horns 2, retaliatory headbutt
a: Renounce Religion, Heroism, Finesse


You were in the Dungeon.
You worshipped Okawaru.
Okawaru was extremely pleased with you.
You visited 1 branch

Inventory:

Hand Weapons
 a - a +0 long sword
 n - a +5 demon blade
 o - a +5 double sword
 G - the +11 Singing Sword {sonic wave}
   (You found it in the Dungeon)
 H - the +8 lance "Wyrmbane" {slay drac, rPois rF+ rC+ AC+3}
   (You found it in the Dungeon)

   AC+3:      It affects your AC (+3).
   rF+:       It protects you from fire.
   rC+:       It protects you from cold.
   rPois:     It protects you from poison
 I - the +9 sword of Power {lifebolt}
   (You found it in the Dungeon)
 J - the +9 sword of Zonguldrok (weapon) {reap}
   (You found it in the Dungeon)
 K - the +2 dagger of Qeleu {freeze, *Corrode Will+++ Int+3 Dex+2}
   (You found it in the Dungeon)

   Int+3:     It affects your intelligence (+3).
   Dex+2:     It affects your dexterity (+2).
   Will+++:   It greatly increases your willpower.
   *Corrode:  It may corrode you when you take damage.
 R - the +7 lajatang of Order {silver, rMut}
   (You found it in the Dungeon)

   rMut:      It protects you from mutation.
 S - the +5 demon whip "Spellbinder" {antimagic, disrupt, Will+}
   (You found it in the Dungeon)

   Will+:     It increases your willpower.
Missiles
 T - 2 javelins
Armour
 b - a +0 scale mail
 c - a +0 buckler
 k - a +5 crystal plate armour (worn)
 l - a +3 kite shield
 m - a +3 tower shield (worn)
 L - a +1 cloak of preservation (worn)
 P - the +2 pair of boots "Wooshu" (worn) {*Corrode rF+ Str+5}
   (Okawaru gifted it to you in the Dungeon)

   Str+5:     It affects your strength (+5).
   rF+:       It protects you from fire.
   *Corrode:  It may corrode you when you take damage.
Magical Staves
 w - the staff of Darkness {rElec rN+ Air}
   (You found it in the Dungeon)

   [staff of air]

   Base accuracy: +5 Base damage: 5 Base attack delay: 1.2 This weapon's minimum
   attack delay (0.6) is reached at skill level 12.
   rElec:     It insulates you from electricity.
   rN+:       It protects you from negative energy.
   Air:       It increases the power of your Air spells.
   It falls into the 'Staves' category.
   It is a one-handed weapon.
Jewellery
 z - a ring of flight
 A - a +6 ring of dexterity (right hand)
 B - a +6 ring of dexterity (left hand)
 C - a +6 ring of intelligence
 D - a +6 ring of intelligence
 E - a +6 ring of strength
 F - a +6 ring of strength
 M - a ring of resist corrosion
 Q - an amulet of the acrobat (around neck)
Wands
 x - a wand of mindburst (7)
 y - a wand of light (6)
 O - a wand of flame (12)
Scrolls
 j - 4 scrolls of blinking
 p - 4 scrolls of amnesia
 q - 7 scrolls of fog
 r - 5 scrolls of identify
 s - 2 scrolls of fear
Potions
 d - 3 potions of might
 e - 10 potions of curing
 f - 8 potions of heal wounds
 g - 4 potions of haste
 h - 7 potions of magic
 i - 3 potions of berserk rage
 t - 2 potions of brilliance
 u - a potion of invisibility
 v - 4 potions of resistance


   Skills:
 + Level 14.3(19.3) Fighting
 + Level 15.9(20.9) Long Blades
 * Level 1.5(6.5) Throwing
 + Level 13.3(18.3) Armour
 * Level 1.7(6.7) Dodging
 + Level 7.8(12.8) Stealth
 + Level 14.3(19.3) Shields
 + Level 1.9 Invocations


You had 9 spell levels left.
You didn't know any spells.
Your spell library contained the following spells:

 Spells                   Type           Power      Damage    Failure   Level
 Slow                     Hex            0%         N/A       100%        1
 Sting                    Conj/Alch      0%         1d3       100%        1
 Inner Flame              Hex/Fire       0%         N/A       100%        3
 Olgreb's Toxic Radiance  Alch           0%         N/A       100%        4


Dungeon Overview and Level Annotations

Branches:
Dungeon (1/1)

Altars:
Ashenzari
Cheibriados
Dithmenos
Elyvilon
Fedhas
Gozag
Hepliaklqana
Kikubaaqudgha
Makhleb
Nemelex Xobeh
Okawaru
Qazlal
Ru
Sif Muna
Trog
Uskayaw
Vehumet
Wu Jian
Xom
Yredelemnul
Zin
The Shining One
Jiyva
Lugonu

Annotations:
D 1 transporter


Innate Abilities, Weirdness & Mutations

You have a pair of horns on your head.
You reflexively headbutt those who attack you in melee.


Message History

The royal mummy calls on the powers of darkness!
Your body is wracked with pain!
The mummy priest calls on the powers of darkness!
Your body is wracked with pain!
* * * LOW HITPOINT WARNING * * *
Found a transporter.
The ushabti shakes and rattles.
The vile air hits you.
* * * LOW HITPOINT WARNING * * *
The royal mummy gestures wildly while chanting.
You are too injured to fight recklessly!
Okay, then.
Aiming: Mindburst
Press: ? - help, Shift-Dir - straight line, f - death scarab
Aim: a death scarab (summoned, wandering, hasn't noticed you, chance to affect: 29%)
Okay, then.
Aiming: Bolt of Light
Press: ? - help, Shift-Dir - straight line, f - death scarab
Aim: a death scarab (summoned, wandering, hasn't noticed you, 57% to hit)
The bolt of light hits the death scarab!
The death scarab is moderately damaged.
The bolt of light hits the mummy priest.
The mummy priest is lightly damaged.
You are engulfed in dark miasma.
You are lethally poisoned!
You feel yourself slow down.
* * * LOW HITPOINT WARNING * * *
x2 You feel extremely sick.
The royal mummy casts a spell.
You block the death scarab's attack. The death scarab barely misses you.
You furiously retaliate!
You headbutt the death scarab.
The death scarab bites you but does no damage.
Throw: dart (disperse)
Press: ? - help, Q - select action, (/) - cycle Shift-Dir - straight line, p - death scarab You throw a dart of dispersal.
The dart of dispersal hits the death scarab.
The death scarab blinks!
You are engulfed in dark miasma.
You are more poisoned.
You die...

▓▓▓▓▓▓▓▓▓
▓.B8©8..▓
▓.B)/=..▓
▓..M:B..▓
▓..MM...▓
▓.M9.M..▓
▓..☼....▓
▓..B☼B..▓
▓.▓.@.▓.▓
▓...☼...▓
▓▓▓▓▓▓▓▓▓


You could see a royal mummy, 2 mummy priests, an ushabti, 5 death scarabs and 2
mummies.

Vanquished Creatures
  An orc warlord (D)
  An ironbound thunderhulk (D)
  An ironbound preserver (D)
  2 deep elf archers (D)
  A vault sentinel (D)
  3 polar bears (D)
  A glass eye (D)
  4 slime creatures (D)
  A jumping spider (D)
  A fire elemental (D)
  A redback (D)
  A bullfrog (D)
  4 scorpions (D)
  A river rat (D)
  A white imp (D)
24 creatures vanquished.

Notes
Turn   | Place    | Note
-------+----------+-------------------------------------------
     0 | D        | SmokeWeed the Minotaur Fighter began the quest for the Orb.
     0 | D        | Reached XP level 1. HP: 19/19 MP: 0/0
    13 | D        | Found a blossoming altar of Fedhas.
    13 | D        | Found the +6 Majin-Bo {spellvamp, MP+6 Int+6}
    13 | D        | Found the +27 heavy crossbow "Sniper" {heavy, Acc+∞ SInv}
    13 | D        | Found the +10 dark maul {heavy}
    13 | D        | Found the +15 Maxwell's patent armour {-Cast -Tele rElec
                  | Will+ rCorr}
    13 | D        | Found the +18 shield of the Gong {Loud rN+ Will+ rCorr
                  | EV-5}
    13 | D        | Found the +16 obsidian axe {drain, demonic, Mesm ^Drain Fly
                  | SInv}
    13 | D        | Found the +7 great mace "Firestarter" {flame, immolate,
                  | rFlCloud rF++}
    13 | D        | Found the +6 shillelagh "Devastator" {shatter}
    13 | D        | Found the +11 plutonium sword {^Contam Stlth-}
    13 | D        | Found the +8 lance "Wyrmbane" {slay drac, rPois rF+ rC+
                  | AC+3}
    13 | D        | Found the +9 sword of Zonguldrok {reap}
    13 | D        | Found the +13 scythe of Curses {drain, curses, ^Drain}
    13 | D        | Found the +9 sword of Power {lifebolt}
    13 | D        | Found the +7 mace of Variability {chaos, chaos arc}
    13 | D        | Found the +11 Singing Sword {sonic wave}
    13 | D        | Found the +8 storm bow {elec, penet}
    25 | D        | Found a viscous altar of Jiyva.
    25 | D        | Found a hazy altar of Hepliaklqana.
    25 | D        | Found a transporter.
    25 | D        | Found an opulent altar of Gozag.
    25 | D        | Found an ancient bone altar of Kikubaaqudgha.
    25 | D        | Found a corrupted altar of Lugonu.
    36 | D        | Found a burning altar of Makhleb.
    37 | D        | Found a stormy altar of Qazlal.
    37 | D        | Found a sacrificial altar of Ru.
    37 | D        | Found an iron altar of Okawaru.
    37 | D        | Found a shimmering blue altar of Sif Muna.
    37 | D        | Found a sparkling altar of Nemelex Xobeh.
    37 | D        | Found a bloodstained altar of Trog.
    65 | D        | Became a worshipper of Warmaster Okawaru
    86 | D        | Reached skill level 5 in Fighting
    86 | D        | Reached skill level 6 in Long Blades
    86 | D        | Reached skill level 5 in Armour
    86 | D        | Reached XP level 2. HP: 30/30 MP: 1/1
    90 | D        | Entered arena 2.
    90 | D        | Noticed a bullfrog
    90 | D        | Found a transporter.
    92 | D        | Killed a bullfrog
    93 | D        | Reached skill level 5 in Shields
    93 | D        | Reached XP level 3. HP: 38/38 MP: 2/2
    93 | D        | Reached XP level 4. HP: 45/45 MP: 3/3
    93 | D        | Reached * piety under Okawaru
    94 | D        | Reached skill level 7 in Long Blades
    99 | D        | Got the staff of Darkness {rElec rN+ Air}
   105 | D        | Entered arena 3.
   105 | D        | Noticed a fire elemental
   105 | D        | Noticed a deep elf archer
   105 | D        | Noticed a deep elf archer
   105 | D        | Found a transporter.
   110 | D        | Killed a deep elf archer
   110 | D        | Reached ** piety under Okawaru
   110 | D        | Reached *** piety under Okawaru
   111 | D        | Reached skill level 10 in Fighting
   111 | D        | Reached skill level 8 in Long Blades
   111 | D        | Reached skill level 10 in Armour
   111 | D        | Reached XP level 5. HP: 59/59 MP: 1/4
   111 | D        | Reached XP level 6. HP: 67/67 MP: 1/5
   111 | D        | Reached XP level 7. HP: 73/73 MP: 1/6
   111 | D        | Killed a fire elemental
   111 | D        | Reached **** piety under Okawaru
   117 | D        | Killed a deep elf archer
   118 | D        | Reached skill level 9 in Long Blades
   118 | D        | Reached skill level 10 in Shields
   118 | D        | Reached XP level 8. HP: 83/83 MP: 1/7
   121 | D        | Got the +2 dagger of Qeleu {freeze, *Corrode Will+++ Int+3
                  | Dex+2}
   129 | D        | Entered arena 4.
   129 | D        | Noticed a slime creature
   129 | D        | Noticed a slime creature
   129 | D        | Noticed a glass eye
   129 | D        | Noticed a slime creature
   129 | D        | Found a transporter.
   134 | D        | Killed a slime creature
   140 | D        | Killed a slime creature
   140 | D        | Reached ***** piety under Okawaru
   141 | D        | Reached skill level 10 in Long Blades
   141 | D        | Killed a slime creature
   145 | D        | Killed a glass eye
   146 | D        | Reached skill level 5 in Stealth
   158 | D        | Entered arena 5.
   158 | D        | Noticed a polar bear
   158 | D        | Noticed a polar bear
   158 | D        | Noticed a polar bear
   158 | D        | Found a transporter.
   162 | D        | Killed a polar bear
   162 | D        | Received a gift from Okawaru
   163 | D        | Reached skill level 11 in Long Blades
   163 | D        | Reached XP level 9. HP: 91/92 MP: 3/8
   167 | D        | Killed a polar bear
   172 | D        | Killed a polar bear
   173 | D        | Reached skill level 12 in Long Blades
   190 | D        | Entered arena 6.
   190 | D        | Found the +8 longbow "Zephyr" {speed, Dex+3 SInv}
   190 | D        | Noticed an orc warlord
   190 | D        | Noticed a vault sentinel
   190 | D        | Noticed an ironbound thunderhulk
   190 | D        | Noticed an ironbound preserver
   190 | D        | Found a transporter.
   198 | D        | Killed an ironbound preserver
   198 | D        | Received a gift from Okawaru
   199 | D        | Reached skill level 13 in Long Blades
   201 | D        | Killed an orc warlord
   202 | D        | Reached skill level 14 in Long Blades
   202 | D        | Reached skill level 1 in Invocations
   202 | D        | Reached XP level 10. HP: 102/102 MP: 4/9
   205 | D        | Killed a vault sentinel
   211 | D        | HP: 1/102 [ironbound thunderhulk/bolt of lightning (46)]
   218 | D        | Killed an ironbound thunderhulk
   218 | D        | Reached ****** piety under Okawaru
   219 | D        | Reached skill level 15 in Long Blades
   235 | D        | Got the staff of Ikiseung {rF+++ Int+3 Stlth- Necro Earth}
   340 | D        | Acquired the +2 pair of boots "Wooshu" {*Corrode rF+ Str+5}
   340 | D        | Received a gift from Okawaru
   351 | D        | Entered arena 7.
   351 | D        | Found the +7 lajatang of Order {silver, rMut}
   351 | D        | Found the +5 demon whip "Spellbinder" {antimagic, disrupt,
                  | Will+}
   352 | D        | Found a transporter.
   356 | D        | Received a gift from Okawaru
   358 | D        | Reached skill level 1 in Dodging
   361 | D        | Reached skill level 1 in Throwing
   381 | D        | Got the Incunable of Jinxing and Venom
   398 | D        | Entered arena 8.
   398 | D        | Found the +10 morningstar "Eos" {elec, Halo rElec}
   398 | D        | Noticed a mummy priest
   398 | D        | Noticed a mummy priest
   398 | D        | Noticed a royal mummy
   400 | D        | Found a transporter.
   401 | D        | Noticed a death scarab
   401 | D        | Noticed a death scarab
   401 | D        | Noticed a death scarab
   401 | D        | HP: 2/104 [poisoned by an ushabti (dark miasma)]
   402 | D        | Noticed a death scarab
   402 | D        | Noticed a death scarab
   402 | D        | Succumbed to an ushabti's dark miasma

Illustrated notes

Levels and vault maps discovered:
D:        sprint_v [room_start, room_1, room_2, room_3, room_4, room_5, room_6,
          room_7, room_8, room_9, room_10, room_11, room_12, room_13, room_14,
          room_15, room_16, room_17, room_18, room_19, room_20, room_21,
          room_22, room_23, room_24, room_25, room_26, room_27]

Skill      XL: |  1  2  3  4  5  6  7  8  9 10 |
---------------+-------------------------------+-----
Fighting       | 5 6 10 11 12 13 14 | 14.3
Long Blades    | 6 8 9 11 14 15 | 15.9
Armour         | 5 6 10 12 13 | 13.3
Shields        | 5 9 10 11 13 14 | 14.3
Stealth        | 2 3 5 7 |  7.8
Invocations    | 1 |  1.9
Dodging        | 1 |  1.7
Throwing       | 1 |  1.5

Action                     |  1- 3 |  4- 6 |  7- 9 | 10-12 || total
---------------------------+-------+-------+-------+-------++-------
  Melee: Double sword      |     1 |     3 |    43 |    16 ||    63
         Headbutt          |       |       |     8 |     2 ||    10
  Throw: Javelin           |       |       |       |     2 ||     2
         Dart              |       |       |       |     1 ||     1
 Invoke: Heroism           |       |     1 |     2 |     2 ||     5
         Finesse           |       |       |       |     2 ||     2
         Receive Armour    |       |       |       |     1 ||     1
  Evoke: Wand              |       |       |       |     1 ||     1
    Use: Potion            |     4 |       |     2 |     3 ||     9
   Stab: Invisible         |       |     2 |     5 |       ||     7
 Armour: Crystal plate arm |       |     2 |    16 |     6 ||    24
  Dodge: Dodged            |       |     1 |     1 |     3 ||     5
  Block: Tower shield      |     1 |     2 |    40 |     7 ||    50
